 Dungeon Crawl Stone Soup version 0.30.1-4-g462c640d31 (webtiles) character file.

Game seed: 436936087189264076

2132 hawla the Basher (level 9, -3/64 HPs)
             Began as a Meteoran Fire Elementalist on Aug 22, 2023.
             Constricted to death by Pikel (6 damage)
             ... on level 7 of the Dungeon.
             The game lasted 00:17:08 (2871 turns).

hawla the Basher (Meteoran Fire Elementalist)       Turns: 2871, Time: 00:17:10

Health: -3/64      AC:  3    Str: 11    XL:     9   Next: 85%
Magic:  0/18       EV: 15    Int: 20    God:
Gold:   1512       SH:  0    Dex: 15    Spells: 12/19 levels left

rFire   . . .        i - staff of poison
rCold   . . .        (no shield)
rNeg    . . .        a - +0 robe
rPois   +            (no helmet)
rElec   .            (no cloak)
rCorr   .            (no gloves)
SInv    +            k - +0 pair of boots
Will    +....        (no amulet)
Stlth   +            d - ring of see invisible
HPRegen 0.30/turn    h - +5 ring of evasion
MPRegen 0.16/turn

%: no passive effects
@: about to teleport, grasped by roots, glowing, constricted
A: sense surroundings 2, otherworldly, glowing, explore regen, inability to read
after injury 1
a: no special abilities


You were on level 7 of the Dungeon.
You visited 2 branches of the dungeon, and saw 8 of its levels.

You collected 1512 gold pieces.

Inventory:

Hand Weapons
 l - a +0 flail
Armour
 a - a +0 robe (worn)
 f - +0 steam dragon scales
 k - a +0 pair of boots (worn)
Magical Staves
 i - a staff of poison (weapon)
Jewellery
 d - a ring of see invisible (left hand)
 h - a +5 ring of evasion (right hand)
Wands
 n - a wand of digging (3)
Scrolls
 b - 3 scrolls of amnesia
 c - a scroll of fog
 e - a scroll of magic mapping
 m - a scroll of identify
 o - a scroll of blinking {unknown}
Potions
 g - a potion of haste
 j - a potion of attraction
 p - a potion of flight {unknown}
 r - a potion of magic


   Skills:
 + Level 1.1 Fighting
 + Level 9.6 Maces & Flails
 + Level 1.0(5.5) Staves
 + Level 3.6 Dodging
 - Level 1.4 Stealth
 + Level 5.8 Spellcasting
 + Level 5.8 Conjurations
 + Level 6.7 Fire Magic
 + Level 3.0 Poison Magic
 + Level 3.0 Evocations


You had 12 spell levels left.
You knew the following spells:

 Your Spells              Type           Power      Damage    Failure   Level
a - Foxfire               Conj/Fire      100%       2x1d9     1%          1
b - Scorch                Fire           64%        2d7       1%          2
c - Flame Wave            Conj/Fire      30%        2d9       9%          4

Your spell library contained the following spells:

 Spells                   Type           Power      Damage    Failure   Level
 Magic Dart               Conj           100%       1d8       1%          1
 Searing Ray              Conj           58%        2d6       1%          2
 Shock                    Conj/Air       68%        1d7       3%          1
 Inner Flame              Hex/Fire       19%        N/A       9%          3
 Volatile Blastmotes      Fire/Tloc      38%        2d13      9%          3
 Dazzling Flash           Conj/Hex       34%        N/A       10%         3
 Blink                    Tloc           10%        N/A       16%         2
 Manifold Assault         Tloc           5%         N/A       71%         4
 Agony                    Necr           5%         N/A       96%         5
 Silence                  Hex/Air        2%         N/A       96%         5
 Storm Form               Tmut/Air       2%         N/A       100%        7


Dungeon Overview and Level Annotations

Branches:
Dungeon (7/15) Zot: 1475   Temple (1/1) D:4 Zot: 447

Altars:
Cheibriados
Dithmenos
Elyvilon
Fedhas
Hepliaklqana
Nemelex Xobeh
Okawaru
Qazlal
Ru
Trog
Uskayaw
Wu Jian
Xom
Zin

Annotations:
D:7 Pikel


Innate Abilities, Weirdness & Mutations

You passively map the area around you.
You are easily found by Zot.
You glow in the dark.
You regain HP and MP as you explore.
You occasionally lose the ability to read scrolls when taking damage.


Message History

The grasping roots release their grip on you.
Casting: Scorch (safe; 1% risk of failure)
Confirm with . or Enter, or press ? or * to list all spells.
Casting: Flame Wave (dangerous; 9% risk of failure)
Press: ? - help, Dir - look around, f - activate A wave of flame ripples out!
The flame wave engulfs Pikel but does no damage.
The flame wave engulfs the lemure!!
The lemure is burned terribly!
The lemure is almost dead. (Press . to intensify the flame waves.) Pikel zaps a wand.
The roots erupt in riotous growth!
The grasping roots grab you!
Pikel is unaffected.
The lemure is unaffected.
The grasping roots constrict you.
* * * LOW HITPOINT WARNING * * *
The lemure barely misses you.
A wave of flame ripples out!
The flame wave engulfs Pikel!
Pikel is moderately wounded.
The flame wave engulfs the lemure!
The lemure is burned terribly!
You kill the lemure!
That felt strangely unrewarding.
The flame wave engulfs the lemure.
The lemure is lightly wounded.
Pikel misses you. The grasping roots constrict you.
* * * LOW HITPOINT WARNING * * *
A wave of flame ripples out!
The flame wave engulfs Pikel!
Pikel is heavily wounded.
The flame wave engulfs the lemure.
The lemure is moderately wounded.
You finish channelling waves of flame.
Pikel barely misses you. The grasping roots constrict you.
* * * LOW HITPOINT WARNING * * *
The lemure closely misses you.
As you read the scroll of teleportation, it crumbles to dust.
You feel strangely unstable.
Pikel hits you with a +0 whip of flaming.
* * * LOW HITPOINT WARNING * * *
Pikel burns you.
* * * LOW HITPOINT WARNING * * *
The grasping roots constrict you.
You die...

....#....... .....>.....# ,,
....######## ####.......#
....### ≈≈ #.......# *,
...#..# # #$......# , , ,
.....## ###.......# .#.#######
#.........#
..<[.....######..#...#......
..[...............$).....##.,,
, ..........#...#.@#§.....## *
* , .......>..#.#...K5...##.#
##........#...........#.#
##....................#,# * ,
.........#...##.......# * ~ ,
#..#..##......##..#..## * * ,
.###.###...##.....##...., , ,
* # ###..#..###....#..... , *
#_, #.###........#....., ,,


You could see Pikel and a lemure.

Vanquished Creatures
  Maggie (D:7)
  Duvessa (D:7)
  A black bear (D:5)
  2 ice beasts
  A sky beast (D:7)
  2 ogres
  2 centaurs
  3 lemures (D:7)
  A phantom (D:6)
  A kobold brigand (D:6)
  A bullfrog (D:7)
  A scorpion (D:4)
  3 wights
  Dowan (D:7)
  A howler monkey (D:7)
  A crimson imp (D:7)
  3 hounds
  2 orc priests
  2 jellies
  2 sleepcaps
  3 iguanas
  2 orc wizards
  5 adders
  2 white imps
  5 worms
  2 dart slugs
  13 orcs
  2 ball pythons (D:2)
  3 endoplasms
  A giant cockroach (D:1)
  3 goblins
  3 hobgoblins
  6 quokkas
  A bat (D:1)
  8 frilled lizards
  7 kobolds
  A rat (D:2)
99 creatures vanquished.

Vanquished Creatures (others)
  161 foxfires
161 creatures vanquished.

Grand Total: 260 creatures vanquished

Notes
Turn   | Place    | Note
-------+----------+-------------------------------------------
     0 | D:1      | hawla the Meteoran Fire Elementalist began the quest for
                  | the Orb.
     0 | D:1      | Reached XP level 1. HP: 14/14 MP: 5/5
    36 | D:1      | Reached XP level 2. HP: 20/20 MP: 4/6
    40 | D:1      | Learned a level 2 spell: Scorch
    63 | D:1      | Got the Codex of the Volley
   150 | D:2      | Reached XP level 3. HP: 26/26 MP: 6/8
   234 | D:2      | Reached XP level 4. HP: 31/33 MP: 3/10
   239 | D:2      | Learned a level 4 spell: Flame Wave
   401 | D:4      | Found a white marble altar of Elyvilon.
   500 | D:4      | Reached skill level 5 in Fire Magic
   523 | D:4      | Found a staircase to the Ecumenical Temple.
   533 | Temple   | Entered the Ecumenical Temple
   685 | D:4      | Noticed a scorpion
   692 | D:4      | Killed a scorpion
   693 | D:4      | Reached XP level 5. HP: 25/38 MP: 2/12
   843 | D:4      | Reached XP level 6. HP: 45/45 MP: 9/13
  1012 | D:5      | Entered Level 5 of the Dungeon
  1020 | D:5      | Identified a scroll of acquirement
  1020 | D:5      | Acquired 1185 gold pieces
  1142 | D:5      | Noticed an ogre
  1147 | D:5      | Killed an ogre
  1148 | D:5      | Reached skill level 2 in Maces & Flails
  1209 | D:5      | Reached XP level 7. HP: 27/50 MP: 14/14
  1732 | D:6      | Reached skill level 5 in Conjurations
  1734 | D:6      | Reached skill level 3 in Maces & Flails
  1736 | D:6      | Reached skill level 4 in Maces & Flails
  1748 | D:6      | Reached skill level 5 in Maces & Flails
  1762 | D:6      | Reached skill level 6 in Maces & Flails
  1762 | D:6      | Reached XP level 8. HP: 57/57 MP: 5/15
  1793 | D:5      | Reached skill level 7 in Maces & Flails
  1823 | D:6      | Gained mutation: You have sharp toenails. [potion of
                  | mutation]
  1823 | D:6      | Gained mutation: You expend magic power (3 MP) to
                  | strengthen your wands. [potion of mutation]
  1823 | D:6      | Gained mutation: You have a pair of small antennae on your
                  | head. [potion of mutation]
  1836 | D:5      | Reached skill level 8 in Maces & Flails
  2146 | D:6      | Identified the +8 whip "Firial" {antimagic, rN+ Dex+2
                  | Stlth+}
  2170 | D:6      | Reached skill level 9 in Maces & Flails
  2275 | D:7      | Noticed Maggie
  2285 | D:7      | Killed Maggie
  2286 | D:7      | Gained mutation: You passively map the area around you.
                  | [Meteoran growth]
  2286 | D:7      | Reached XP level 9. HP: 53/62 MP: 2/16
  2448 | D:7      | Noticed Dowan
  2449 | D:7      | Noticed Duvessa
  2453 | D:7      | Killed Dowan
  2460 | D:7      | Killed Duvessa
  2461 | D:7      | Reached skill level 5 in Spellcasting
  2625 | D:7      | Lost mutation: You have a pair of small antennae on your
                  | head. [potion of mutation]
  2625 | D:7      | Lost mutation: You have sharp toenails. [potion of
                  | mutation]
  2625 | D:7      | Lost mutation: You expend magic power (3 MP) to strengthen
                  | your wands. [potion of mutation]
  2625 | D:7      | Gained mutation: You occasionally lose the ability to read
                  | scrolls when taking damage. [potion of mutation]
  2692 | D:7      | Reached skill level 1 in Fighting
  2854 | D:7      | Reached skill level 1 in Staves
  2858 | D:7      | Noticed Pikel
  2871 | D:7      | HP: 3/64 [Pikel/+0 whip of flaming (1)]
  2871 | D:7      | Constricted to death by Pikel

Illustrated notes

Levels and vault maps discovered:
D:1:      sevenhm_arrival_forest_fort_small_3, layout_basic, minmay_lizard_king
D:2:      layout_loops_ring, kennysheep_flooded_box
D:3:      layout_loops_ring, hangedman_decor_points, uniq_crazy_yiuf_cottage
D:4:      layout_rooms, elyvilon_altar_4, minmay_temple_entry_glassed_door
D:5:      layout_gridville
D:6:      layout_rooms
D:7:      layout_rooms, grunt_temple_overflow_lords_of_destruction,
          overflow_temple_1_default, serial_aquarium, aquarium_bridge_square
          [aquarium_subvault_balcony, aquarium_subvault_bridge,
          aquarium_subvault_bridge, aquarium_subvault_wall], aquarium_window_3,
          aquarium_window_fake, aquarium_window_corner, aquarium_window_2,
          aquarium_view_2b, aquarium_view_2e, aquarium_balcony_1a, uniq_maggie,
          uniq_duvessa, uniq_pikel
Temple:   nicolae_temple_bog_church

Skill      XL: |  1  2  3  4  5  6  7  8  9 |
---------------+----------------------------+-----
Fire Magic     | 4 5 6 |  6.7
Spellcasting   | 3 4 5 |  5.8
Dodging        | 3 |  3.6
Conjurations   | 2 3 4 5 |  5.8
Maces & Flails | 2 6 9 |  9.6
Poison Magic   | 3 |  3.0
Evocations     | 3 |  3.0
Fighting       | 1 |  1.1
Staves         | 1 |  1.0
Stealth        | |  1.4

Action                     |  1- 3 |  4- 6 |  7- 9 || total
---------------------------+-------+-------+-------++-------
  Melee: Unarmed           |     3 |    25 |       ||    28
         Flail             |       |     9 |    50 ||    59
         Kick              |       |       |     2 ||     2
         Punch             |       |       |     1 ||     1
         Staff             |       |       |    68 ||    68
   Cast: Foxfire           |    26 |    33 |    34 ||    93
         Scorch            |     4 |    17 |    41 ||    62
         Flame Wave        |       |       |    16 ||    16
    Use: Scroll            |       |     9 |     4 ||    13
         Potion            |       |     1 |     6 ||     7
 Armour: Robe              |       |     1 |    31 ||    32
  Dodge: Dodged            |     7 |    29 |   145 ||   181
